AoeStats
← JOLIAT

Arabian Desert

509932835Analyzed
1v1 RM · 2d ago on Sep 28, 2026· 20m 0s· 2 players
Game mode
Random Map
Map size
Tiny (2 player)
Population
200
Speed
Normal
Resources
Standard
Victory
Conquest
Starting age
Dark Age
Ending age
Imperial Age
RankedLock teamsTeams togetherTeam positionsShared explorationLock speedFull tech treeHidden civsTurbo modeCheats
Victory
Defeat
🇨🇴 Bulgarians · Colombia
2027
+16
🇩🇪 Berbers · Germany
2021
-16
MatzeAoE
7:00 Loom
9:20 Feudal Age
10:21 Double-Bit Axe
14:41 Horse Collar
16:45 Bloodlines
JOLIAT
5:12 Loom
8:36 Feudal Age
9:26 Double-Bit Axe
9:23 Horse Collar
11:38 Wheelbarrow
12:34 Arson
16:42 Bloodlines
19:19 Forging
19:57 Scale Barding Armor
Connection lost

Rejoining the realm…

Still unreachable

The connection could not be restored.

Session expired

The server has moved on; the page needs a fresh start.